 Dungeon Crawl Stone Soup version 0.27.1-3-gb3d3a73c9e (webtiles) character file.

Game seed: 9415368312134268943

4868 cdecastro the Transmogrifier (level 10, -5/83 (84) HPs)
             Began as a Yellow Draconian Transmuter on Oct 15, 2021.
             Was a High Priest of Okawaru.
             Slain by a two-headed ogre (21 damage)
             ... on level 7 of the Dungeon on Oct 31, 2021.
             The game lasted 00:34:27 (13396 turns).

cdecastro the Transmogrifier (DrTm)                Turns: 13396, Time: 00:34:27

HP:   -5/83 (84)    AC: 12    Str: 19    XL:     10   Next: 26%
MP:   16/17         EV: 14    Int: 17    God:    Okawaru [*****.]
Gold: 240           SH:  0    Dex: 11    Spells: 6/19 levels left

rFire    . . .     SeeInvis .   a - +1 whip (venom)
rCold    + . .     Faith    .   (no shield)
rNeg     . . .     Spirit   .   (armour unavailable)
rPois    .         Reflect  .   O - +1 hat
rElec    .         Harm     .   M - +2 cloak {Will+}
rCorr    +         Rampage  .   c - +0 pair of gloves
Will     +....                  (no boots)
Stlth    +++.......             (no amulet)
HPRegen  0.23/turn              x - ring of protection from cold
MPRegen  0.15/turn              s - +6 ring of strength

@: about to teleport, heroic, lightly drained
A: spit acid, AC +7, unfitting armour, cold-blooded, acid resistance
a: Breathe Acid, Renounce Religion, Heroism, Finesse


You were on level 7 of the Dungeon.
You worshipped Okawaru.
Okawaru was extremely pleased with you.
You visited 2 branches of the dungeon, and saw 9 of its levels.

You collected 355 gold pieces.
You spent 115 gold pieces at shops.

Inventory:

Hand Weapons
 a - a +1 whip of venom (weapon)
 b - a +1 whip of electrocution
Missiles
 i - 147 stones
 j - 142 arrows
 m - 3 boomerangs
 o - 4 throwing nets
 p - 23 bolts
 q - 21 poisoned darts
 A - 6 javelins
 E - 83 sling bullets
Armour
 c - a +0 pair of gloves (worn)
 B - a scarf of shadows
 M - a +2 cloak of willpower (worn)
 O - a +1 hat (worn)
Magical Staves
 r - a staff of earth
 G - a staff of cold
 Q - a staff of death
Jewellery
 s - a +6 ring of strength (right hand)
 x - a ring of protection from cold (left hand)
 J - a +6 ring of dexterity
 N - a +6 ring of dexterity
Wands
 f - a wand of acid (13)
 I - a wand of flame (19)
 K - a wand of charming (2)
Scrolls
 g - a scroll of fear {unknown}
 h - 2 scrolls of teleportation
 l - a scroll of acquirement {unknown}
 n - 4 scrolls of amnesia
 t - 3 scrolls of enchant weapon {unknown}
 u - 3 scrolls of identify
 y - 2 scrolls of summoning {unknown}
 L - 2 scrolls of enchant armour {unknown}
Potions
 d - a potion of might {unknown}
 e - a potion of heal wounds
 k - a potion of magic
 v - 2 potions of invisibility
 w - a potion of berserk rage
 z - 2 potions of haste
 C - a potion of cancellation
 F - a potion of mutation
 H - a potion of brilliance
 P - 2 potions of lignification {unknown}
Miscellaneous
 D - a piece from Xom's chessboard (15/15)


   Skills:
 - Level 6.8(11.8) Fighting
 - Level 1.7(6.7) Dodging
 - Level 4.0(9.0) Unarmed Combat
 - Level 5.0 Spellcasting
 + Level 10.3 Transmutations
 * Level 1.9 Ice Magic
 - Level 5.0 Earth Magic
 - Level 5.0 Invocations


You had 6 spell levels left.
You knew the following spells:

 Your Spells              Type           Power      Damage    Failure   Level
a - Beastly Appendage     Tmut           78%        N/A       1%          1
b - Wereblood             Tmut           39%        N/A       1%          2
c - Sandblast             Erth           42%        2d11      1%          1
d - Passwall              Tmut/Erth      25%        N/A       1%          2
e - Spider Form           Tmut/Pois      10%        N/A       4%          3
f - Ice Form              Ice/Tmut       25%        N/A       12%         4

Your spell library contained the following spells:

 Spells                   Type           Power      Damage    Failure   Level
 Animate Skeleton         Necr           8%         N/A       14%         1
 Apportation              Tloc           8%         N/A       14%         1
 Corona                   Hex            4%         N/A       14%         1
 Summon Small Mammal      Summ           16%        N/A       14%         1
 Summon Guardian Golem    Hex/Summ       4%         N/A       38%         3
 Lee's Rapid Deconstruct  Erth           10%        3d9*      45%         5
 Freezing Cloud           Conj/Ice/Air   3%         6-21      97%         5
 Simulacrum               Ice/Necr       3%         N/A       100%        6
 Orb of Destruction       Conj           2%         9d1       100%        7
 Spellforged Servitor     Conj/Summ      2%         N/A       100%        7
 Polar Vortex             Ice            5%         N/A       100%        9


Dungeon Overview and Level Annotations

Branches:
Dungeon (8/15)             Temple (1/1) D:4
   Lair: D:8-11

Altars:
Ashenzari
Cheibriados
Dithmenos
Elyvilon
Fedhas
Gozag
Hepliaklqana
Makhleb
Nemelex Xobeh
Okawaru
Qazlal
Trog
Uskayaw
Wu Jian
Xom
Yredelemnul
The Shining One

Shops:
D:3 ?   D:6 :   D:7 **

Annotations:
D:8 Maggie


Innate Abilities, Weirdness & Mutations

You can spit globs of acid.
Your golden yellow scales are hard. (AC +7)
You cannot fit into any form of body armour.
You are cold-blooded and may be slowed by cold attacks.
You are resistant to acid. (rCorr)


Message History

You climb upwards.
There is a stone staircase leading down, spattered with blood here.
You start resting.
HP restored.
You climb downwards.
Level annotation: Maggie The two-headed ogre misses you.
The two-headed ogre hits you with a +0 giant spiked club!
The two-headed ogre misses you.
The two-headed ogre hits you with a +0 giant spiked club!
There is a stone staircase leading up, spattered with blood here.
You climb upwards.
There is a stone staircase leading down, spattered with blood here.
Unknown command.
The two-headed ogre closely misses you. The two-headed ogre barely misses you.
You gain the combat prowess of a mighty hero.
You barely miss the two-headed ogre.
The two-headed ogre hits you with a +0 giant spiked club!!
* * * LOW HITPOINT WARNING * * *
The two-headed ogre hits you with a +0 giant spiked club!
* * * LOW HITPOINT WARNING * * *
You hit the two-headed ogre but do no damage.
The two-headed ogre is poisoned.
You punch the two-headed ogre!
The two-headed ogre is lightly wounded.
The two-headed ogre hits you but does no damage.
The two-headed ogre hits you with a +0 giant spiked club!
* * * LOW HITPOINT WARNING * * *
You closely miss the two-headed ogre.
You punch the two-headed ogre, but do no damage.
The two-headed ogre is moderately wounded.
You hit the two-headed ogre but do no damage.
The two-headed ogre looks as sick as possible!
The two-headed ogre is moderately wounded.
The two-headed ogre misses you.
The two-headed ogre hits you with a +0 giant spiked club!
* * * LOW HITPOINT WARNING * * *
As you read the scroll of teleportation, it crumbles to dust.
You feel strangely unstable.
The two-headed ogre hits you with a +0 giant spiked club!!
You die...

#...## ##'##..# #.#
⌠...⌠# #.###)# #.# ∩...∩#
#.# #)# #.####
⌠...⌠#########.# #....#
#...##.#.......# ####.#
######.#.......# #.#
#####.#.......# #>#
##.....#.......########.#
...###.#.......#@O......#
#### #.#.#.##############
######.#.#.# .......#...#
##########.# #.# #.#
######## #)# .......# #.#


You could see a two-headed ogre (very poisoned).

Vanquished Creatures
  A human (D:6)
  A wyvern (D:8)
  Eustachio (D:5)
  A steam dragon (D:7)
  4 water moccasins
  A hornet zombie (D:6)
  An orc warrior (D:6)
  A sky beast (D:5)
  2 necrophages
  The ghost of judkath the Shield-Bearer, an amateur GnFi (D:4)
  2 ice beasts
  2 centaurs
  6 ogres
  A kobold brigand (D:6)
  A bullfrog (D:6)
  3 scorpions
  A water moccasin zombie (D:6)
  9 wights (D:7)
  11 killer bees (D:7)
  3 howler monkeys
  2 centaur zombies (D:7)
  2 quasits (D:4)
  2 bullfrog zombies
  A hound (D:6)
  2 jellies
  2 orc priests (D:6)
  3 bullfrog skeletons
  2 gnoll shamans
  A centaur skeleton (D:5)
  Crazy Yiuf (D:7)
  A human skeleton (D:6)
  3 iguanas
  3 orc wizards
  A hound skeleton (D:4)
  3 howler monkey zombies
  A howler monkey skeleton (D:6)
  10 adders
  17 gnolls
  3 shadow imps
  A white imp (D:7)
  An adder skeleton (D:4)
  2 worms
  3 dart slugs
  17 orcs
  6 ball pythons
  9 bats
  7 endoplasms
  2 giant cockroaches
  7 goblins
  4 hobgoblins
  7 jackals
  4 quokkas
  5 frilled lizards
  A goblin skeleton (D:6)
  8 kobolds
  2 rats (D:1)
199 creatures vanquished.

Notes
Turn   | Place    | Note
-------+----------+-------------------------------------------
     0 | D:1      | cdecastro the Draconian Transmuter began the quest for the
                  | Orb.
     0 | D:1      | Reached XP level 1. HP: 16/16 MP: 3/3
   374 | D:1      | Reached XP level 2. HP: 23/23 MP: 3/5
   731 | D:1      | Reached skill level 3 in Transmutations
   781 | D:1      | Found a faded altar of an unknown god.
  1010 | D:1      | Reached XP level 3. HP: 28/28 MP: 4/6
  1679 | D:2      | Learned a level 2 spell: Wereblood
  1918 | D:2      | Learned a level 1 spell: Sandblast
  1921 | D:2      | Learned a level 2 spell: Passwall
  1953 | D:3      | Found an iron altar of Okawaru.
  1970 | D:3      | Became a worshipper of Warmaster Okawaru
  1976 | D:3      | Found Matej's Magic Scroll Shop.
  1984 | D:3      | Bought a scroll of identify for 28 gold pieces
  2040 | D:3      | Reached skill level 1 in Earth Magic
  2040 | D:3      | Reached XP level 4. HP: 25/35 MP: 5/7
  2285 | D:3      | Found a stormy altar of Qazlal.
  2501 | D:3      | Reached skill level 4 in Transmutations
  2501 | D:3      | Reached XP level 5. HP: 16/40 MP: 5/8
  2505 | D:3      | Noticed a necrophage
  2949 | D:3      | Found an ornate altar of the Wu Jian Council.
  3144 | D:3      | Found a shimmering altar of Xom.
  3255 | D:3      | Bought a scroll of teleportation for 42 gold pieces
  3343 | D:4      | Noticed a phantom
  3582 | D:4      | Reached * piety under Okawaru
  3627 | D:4      | Noticed a centaur
  3642 | D:4      | Killed a centaur
  3643 | D:4      | Reached XP level 6. HP: 22/47 MP: 9/9
  3916 | D:4      | Noticed judkath's ghost (amateur GnFi)
  3926 | D:4      | Found a transporter.
  3940 | D:4      | Found a transporter.
  3956 | D:4      | Found a staircase to the Ecumenical Temple.
  3984 | Temple   | Entered the Ecumenical Temple
  4492 | D:4      | Found a burning altar of Makhleb.
  4911 | D:5      | Entered Level 5 of the Dungeon
  4924 | D:4      | Reached skill level 5 in Transmutations
  4999 | D:5      | Reached ** piety under Okawaru
  5000 | D:5      | Reached skill level 5 in Earth Magic
  5143 | D:5      | Reached skill level 1 in Invocations
  5143 | D:5      | Your scales start taking on a golden yellow colour.
  5143 | D:5      | Reached XP level 7. HP: 38/52 MP: 10/10
  5143 | D:5      | Gained mutation: You are resistant to acid. (rCorr) [Yellow
                  | Draconian growth]
  5695 | D:5      | Noticed Eustachio
  5879 | D:5      | Reached skill level 6 in Transmutations
  5883 | D:5      | Reached skill level 5 in Invocations
  5883 | D:5      | Reached XP level 8. HP: 19/59 MP: 2/11
  6145 | D:5      | Reached *** piety under Okawaru
  6299 | D:5      | Killed Eustachio
  6925 | D:6      | Found a white marble altar of Elyvilon.
  7314 | D:6      | Reached skill level 7 in Transmutations
  7354 | D:6      | Found a runed translucent door.
  7356 | D:6      | Found a basalt altar of Yredelemnul.
  7384 | D:6      | Reached skill level 5 in Spellcasting
  7541 | D:6      | Reached XP level 9. HP: 52/64 MP: 16/16
  7652 | D:6      | Found Yskuof's Book Boutique.
  7700 | D:6      | Reached **** piety under Okawaru
  7701 | D:6      | Reached skill level 8 in Transmutations
  8583 | D:6      | Reached skill level 9 in Transmutations
  8852 | D:5      | Learned a level 3 spell: Spider Form
  8857 | D:5      | Learned a level 4 spell: Ice Form
  9688 | D:6      | Found an opulent altar of Gozag.
 10068 | D:7      | Reached skill level 5 in Fighting
 10079 | D:7      | Reached ***** piety under Okawaru
 10771 | D:7      | Reached skill level 10 in Transmutations
 10984 | D:7      | Found a runed translucent door.
 10985 | D:7      | Noticed Crazy Yiuf
 10996 | D:7      | Killed Crazy Yiuf
 10997 | D:7      | Reached XP level 10. HP: 75/82 MP: 10/17
 11088 | D:7      | Found Ohadghoso's Specific Store.
 11092 | D:7      | Found Oseach's General Store.
 11102 | D:7      | Bought a scroll of amnesia for 45 gold pieces
 11314 | D:8      | Noticed a two-headed ogre
 11571 | D:8      | Noticed Maggie
 11995 | D:4      | Killed judkath's ghost
 12626 | D:7      | Reached skill level 1 in Ice Magic
 13323 | D:8      | Identified the +6 long sword "Ydugau" {freeze, rPois Will-
                  | MP-9 Dex+8}
 13396 | D:7      | Slain by a two-headed ogre

Illustrated notes

Levels and vault maps discovered:
D:1:      matt_arrival_refuge, layout_basic, ebering_ecumenical_altar_abandoned,
          minmay_tripent
D:2:      layout_loops_ring, minmay_pentomino_o2
D:3:      layout_basic, tgw_xom, mainiacjoe_overflow_catwalk,
          mainiacjoe_overflow_tiny_flanked, okawaru_metal_pillars_1_2,
          serial_shops, shop
D:4:      layout_loops_corners, lemuel_coloured_pillars_altar,
          minmay_temple_entry_antechambers, gammafunk_ghost_stat_death,
          minivault_25
D:5:      minmay_razor_zed, layout_gridville, chequers_mini_garden,
          uniq_eustachio
D:6:      cheibrodos_fzero, layout_loops_cross, nicolae_overflow_crystal_walls,
          lemuel_round_altar, dk_yredelemnul_ordeal, serial_shops, shop,
          hellmonk_bongcloud_opening
D:7:      layout_loops_corners, minmay_crystal_room, nicolae_specific_store,
          uniq_crazy_yiuf_cottage
D:8:      layout_rooms, palyth_temple_overflow_mages,
          amcnicky_mini_corridor_feature, uniq_maggie, uniq_maurice
Temple:   jpeg_temple_island

Skill      XL: |  1  2  3  4  5  6  7  8  9 10 |
---------------+-------------------------------+-----
Transmutations | 3 4 5 6 7 10 | 10.3
Earth Magic    | 1 2 3 5 |  5.0
Invocations    | 1 5 |  5.0
Spellcasting   | 5 |  5.0
Unarmed Combat | 4 |  4.0
Fighting       | 5 6 |  6.8
Ice Magic      | 1 |  1.9
Dodging        | |  1.7

Action                   |  1- 3 |  4- 6 |  7- 9 | 10-12 || total
-------------------------+-------+-------+-------+-------++-------
Melee: Unarmed           |   110 |       |       |    48 ||   158
       Kick              |    10 |    13 |     6 |       ||    29
       Tailslap          |     8 |    22 |    41 |     7 ||    78
       Headbutt          |     3 |     5 |     1 |       ||     9
       Punch             |     3 |     3 |     5 |     2 ||    13
       Whip              |    20 |   178 |   327 |    44 ||   569
 Cast: Beastly Appendage |     9 |     6 |     4 |       ||    19
       Wereblood         |     1 |     4 |     6 |     1 ||    12
       Sandblast         |       |     6 |    71 |    19 ||    96
       Ice Form          |       |       |       |     3 ||     3
Invok: Heroism           |       |       |     2 |     1 ||     3
 Abil: Breathe Acid      |       |       |    19 |     1 ||    20
  Use: Scroll            |       |     3 |     6 |     2 ||    11
       Potion            |       |       |     2 |     1 ||     3
 Stab: Sleeping          |       |     1 |     1 |       ||     2
Armor: Skin              |    60 |    56 |   125 |    77 ||   318
Dodge: Dodged            |   106 |   125 |   225 |   136 ||   592
